 Dungeon Crawl Stone Soup version 0.26.1-11-gd32895ea62 (webtiles) character file.

Game seed: 7222666286288064324

181 Jerry the Shooter (level 5, -3/41 HPs)
             Began as a Human Hunter on June 14, 2021.
             Slain by a hound (6 damage)
             ... on level 3 of the Dungeon.
             The game lasted 00:13:06 (3141 turns).

Jerry the Shooter (Human Hunter)                    Turns: 3141, Time: 00:13:08

Health: -3/41      AC:  3    Str: 13    XL:     5   Next: 92%
Magic:  5/5        EV: 12    Int: 12    God:
Gold:   122        SH:  0    Dex: 13    Spells: 4/4 levels left

rFire    . . .     SeeInvis .   b - +0 hand axe
rCold    . . .     Faith    .   (no shield)
rNeg     . . .     Spirit   .   c - +0 leather armour
rPois    .         Reflect  .   (no helmet)
rElec    .         Harm     .   (no cloak)
rCorr    .         Rampage  .   (no gloves)
Will     .....                  (no boots)
Stlth    +.........             (no amulet)
HPRegen  0.13/turn              (no ring)
MPRegen  0.09/turn              (no ring)

@: lethally poisoned (-3 -> -6)
A: no striking features
a: no special abilities


You were on level 3 of the Dungeon.
You visited 1 branch of the dungeon, and saw 4 of its levels.

You collected 122 gold pieces.

Inventory:

Hand Weapons
 a - a +1 shortbow
 b - a +0 hand axe (weapon)
Missiles
 d - 8 arrows
Armour
 c - a +0 leather armour (worn)
Wands
 o - a wand of random effects (20)
Scrolls
 e - 3 scrolls of remove curse {unknown}
 g - a scroll of immolation {unknown}
 h - 5 scrolls of identify {unknown}
 i - a scroll of noise {unknown}
 l - a scroll of fog {unknown}
 m - a scroll of teleportation {unknown}
 n - a scroll of fear {unknown}
 q - a scroll of amnesia {unknown}
Potions
 f - 2 potions of heal wounds {unknown}
 j - a potion of might {unknown}
 k - 2 potions of brilliance {unknown}
 p - a potion of mutation {unknown}
 r - a potion of degeneration {unknown}


   Skills:
 + Level 3.4 Fighting
 * Level 1.1 Axes
 + Level 5.0 Bows
 + Level 2.6 Armour
 - Level 2.0 Dodging
 - Level 1.0 Stealth


You had 4 spell levels left.
You didn't know any spells.
Your spell library was empty.

Dungeon Overview and Level Annotations

Branches:
Dungeon (4/15)
 Temple: D:4-7

Altars:

Annotations:
D:3 3 runed translucent doors, CaptDreibein's ghost, amateur DsFi


Message History

You hit the hound but do no damage. The hound barely misses you.
The adder closely misses you. The hound closely misses you.
You hit the adder.
The adder is severely wounded.
You closely miss the hound. The adder barely misses you.
The hound bites you but does no damage. The adder closely misses you.
You barely miss the adder.
The adder is severely wounded.
You hit the hound but do no damage. The hound barely misses you.
The adder bites you but does no damage. The hound bites you but does no damage.
The adder bites you.
* * * LOW HITPOINT WARNING * * *
You closely miss the adder.
The adder is severely wounded.
You barely miss the hound. The hound bites you but does no damage.
The adder bites you.
* * * LOW HITPOINT WARNING * * *
You are lethally poisoned!
The adder poisons you! The hound bites you.
You die...

##.†..........##..
###.............#
#............##
#.<...........# ######
#.........##..# #....#
#...<......##..
#....#######...........###
#.......h)..÷.......##.###
#.......S@...............#
#....##..)..#..########...
#########.####..## #...
##...##....# #..## ###.
##..........###.## ##.
#............#..# #..
#..............## #.#
#............### #.#
##..........## #.#


You could see a hound and an adder.

Vanquished Creatures
  Terence (D:2)
  4 adders
  3 gnolls (D:2)
  2 oozes
  A worm (D:2)
  2 dart slugs
  2 leopard geckos
  9 bats
  4 giant cockroaches (D:1)
  9 goblins
  7 hobgoblins
  4 jackals (D:2)
  A quokka (D:2)
  A ball python (D:1)
  5 frilled lizards
  10 kobolds
  9 rats
74 creatures vanquished.

Notes
Turn   | Place    | Note
-------+----------+-------------------------------------------
     0 | D:1      | Jerry the Human Hunter began the quest for the Orb.
     0 | D:1      | Reached XP level 1. HP: 16/16 MP: 1/1
    94 | D:1      | Reached XP level 2. HP: 22/22 MP: 2/2
   143 | D:1      | You fall into a shaft and drop 1 floor!
   159 | D:2      | Reached skill level 1 in Armour
   308 | D:2      | Reached XP level 3. HP: 28/28 MP: 3/3
   335 | D:2      | Reached XP level 4. HP: 34/34 MP: 4/4
  1498 | D:2      | Noticed Terence
  1920 | D:2      | Reached XP level 5. HP: 41/41 MP: 5/5
  1939 | D:2      | Killed Terence
  2327 | D:3      | Found a runed translucent gate.
  2327 | D:3      | Found a runed translucent gate.
  2327 | D:3      | Found a runed translucent gate.
  2332 | D:3      | Noticed CaptDreibein's ghost (amateur DsFi)
  2863 | D:3      | Reached skill level 1 in Axes
  2931 | D:3      | Reached skill level 5 in Bows
  3141 | D:3      | Slain by a hound

Illustrated notes

Levels and vault maps discovered:
D:1:      wander_arrival_lonely_grave, layout_basic, minmay_worlds_worst_comb
D:2:      layout_loops_cross, uniq_terence
D:3:      layout_rooms, ebering_ghost_rock_garden
D:4:      layout_rooms, minmay_misc_feat_doors, grunt_ministairs_3,
          kennysheep_boxes, uniq_duvessa, uniq_ijyb

Skill      XL: |  1  2  3  4  5 |
---------------+----------------+-----
Armour         | 1 2 |  2.6
Fighting       | 3 |  3.4
Axes           | 1 |  1.1
Bows           | 5 |  5.0
Dodging        | |  2.0
Stealth        | |  1.0

Action                   |  1- 3 |  4- 6 || total
-------------------------+-------+-------++-------
Melee: Short sword       |       |    84 ||    84
       Hand axe          |       |    31 ||    31
 Fire: Shortbow          |    40 |   104 ||   144
Armor: Leather armour    |     4 |    48 ||    52
Dodge: Dodged            |     7 |   114 ||   121
